 Dungeon Crawl Stone Soup version 0.30-a0-591-g3c58d2bc28 (webtiles) character file.

Game seed: 12900720482241836563

746 Newt the Trooper (level 7, -9/56 HPs)
             Began as a Demonspawn Gladiator on Jan 4, 2023.
             Was an Initiate of Dithmenos.
             Killed from afar by an electric eel (11 damage)
             ... with a bolt of electricity
             ... on level 6 of the Dungeon.
             The game lasted 00:06:29 (4486 turns).

Newt the Trooper (Demonspawn Gladiator)             Turns: 4486, Time: 00:06:30

Health: -9/56      AC:  0    Str: 14    XL:     7   Next: 48%
Magic:  7/7        EV: 12    Int: 11    God:    Dithmenos [......]
Gold:   176        SH:  4    Dex: 15    Spells: 6/6 levels left

rFire   + . .      SeeInvis .    E - +2 hand axe (vamp)
rCold   . . .      Faith    .    (no shield)
rNeg    . . .      Spirit   .    b - +0 leather armour
rPois   .          Reflect  .    (helmet unavailable)
rElec   .          Harm     .    p - +0 cloak
rCorr   .          Rampage  .    (no gloves)
Will    .....                    (no boots)
Stlth   ++                       (no amulet)
HPRegen 0.29/turn                o - ring of protection from fire
MPRegen 0.10/turn                f - +4 ring of slaying

@: corroded
A: horns 3, large bone plates 1
a: Renounce Religion


You were on level 6 of the Dungeon.
You worshipped Dithmenos.
Dithmenos was noncommittal.
You visited 1 branch of the dungeon, and saw 6 of its levels.

You collected 204 gold pieces.
You spent 28 gold pieces at shops.

Inventory:

Hand Weapons
 a - a +0 rapier
 n - a +1 dagger of draining
 x - a +2 dagger of draining
 E - a +2 vampiric hand axe (weapon)
Missiles
 d - 2 throwing nets (quivered)
 e - a javelin
 j - 15 poisoned darts
 B - 4 boomerangs
Armour
 b - a +0 leather armour (worn)
 c - a +0 helmet
 p - a +0 cloak (worn)
Jewellery
 f - a +4 ring of slaying (right hand)
 l - a ring of see invisible
 o - a ring of protection from fire (left hand)
Wands
 h - a wand of polymorph (7)
Scrolls
 k - 6 scrolls of teleportation
 u - 2 scrolls of amnesia
 w - a scroll of fog
 y - 2 scrolls of blinking
 A - 2 scrolls of identify
Potions
 g - a potion of mutation
 i - 3 potions of heal wounds
 m - 2 potions of brilliance
 q - 2 potions of might
 r - a potion of cancellation {unknown}
 s - a potion of degeneration {unknown}
 t - a potion of lignification {unknown}
 v - 3 potions of invisibility {unknown}
 z - a potion of attraction {unknown}
 C - a potion of flight {unknown}
 D - 2 potions of curing {unknown}


   Skills:
 + Level 5.1 Fighting
 - Level 4.0 Short Blades
 - Level 3.0 Throwing
 - Level 2.6 Dodging
 - Level 4.0 Stealth
 - Level 3.0 Evocations


You had 6 spell levels left.
You didn't know any spells.
Your spell library contained the following spells:

 Spells                   Type           Power      Damage    Failure   Level
 Foxfire                  Conj/Fire      0%         2x1d4     41%         1
 Fireball                 Conj/Fire      0%         3d3       100%        5
 Starburst                Conj/Fire      0%         6d3       100%        6


Dungeon Overview and Level Annotations

Branches:
Dungeon (6/15)
 Temple: D:4-7

Altars:
Cheibriados
Dithmenos
Vehumet

Shops:
D:1 (   D:2 ?


Innate Abilities, Weirdness & Mutations

You have a pair of large horns on your head.
You are partially covered in large bone plates. (SH +4)


Message History

You are too injured to fight recklessly!
You are too injured to fight recklessly!
You are too injured to fight recklessly!
You slash the kobold!
You feel better.
You kill the kobold!
Dithmenos accepts your kill.
You hit the bullfrog.
You feel better.
You hit the kobold brigand.
You feel better. The bullfrog hits you. The kobold brigand misses you.
You slash the kobold!
You kill the kobold!
Dithmenos accepts your kill.
You slash the bullfrog!
You feel better.
You hit the kobold brigand. The bullfrog hits you.
The bullfrog closely misses you.
The kobold brigand hits you with a +0 dagger.
The kobold brigand attacks as you move away!
You block the kobold brigand's attack. The bullfrog closely misses you.
An electric eel comes into view.
The jelly hits you but does no damage. The bullfrog closely misses you.
Items here: ))))) †.
You hit the jelly.
You feel better.
Your hands burn!
The jelly is lightly wounded.
You hit the bullfrog.
You feel better. The bullfrog barely misses you. The jelly hits you.
You are splashed with acid!
* * * LOW HITPOINT WARNING * * *
The bullfrog barely misses you. The kobold brigand closely misses you.
The jelly barely misses you.
The electric eel shoots out a bolt of lightning at you!
The bolt of electricity hits you!
* * * LOW HITPOINT WARNING * * *
You barely miss the kobold brigand.
The kobold brigand is almost dead.
You hit the jelly. The acid corrodes you!
Your hands burn!
* * * LOW HITPOINT WARNING * * *
You hit the bullfrog.
You kill the bullfrog!
Dithmenos accepts your kill. The jelly closely misses you.
The electric eel shoots out a bolt of lightning at you!
The bolt of electricity hits you!
You die...

###≈.# ≈≈≈.#
.# ....# .
≈≈.# .
#≈.###.#
#≈..$#.#
≈.≈###≈J#...#
S.≈≈≈≈≈@#).#
.......)K)#
≈.≈≈≈≈≈.#.#
≈.≈###≈.#.#
≈. #≈.#.# ≈
#≈.#.# ≈≈...#
......# ####
##


You could see a kobold brigand, a jelly and an electric eel.

Vanquished Creatures
  An ogre (D:4)
  A phantom (D:4)
  A necrophage (D:5)
  3 bullfrogs
  A gnoll sergeant (D:5)
  A hound (D:5)
  2 orc wizards
  8 adders
  3 gnolls (D:5)
  A shadow imp (D:5)
  7 worms
  12 orcs
  8 bats
  4 endoplasms
  4 giant cockroaches
  8 goblins
  11 hobgoblins
  4 jackals (D:2)
  4 quokkas
  10 ball pythons
  3 frilled lizards
  19 kobolds
  8 rats
124 creatures vanquished.

Notes
Turn   | Place    | Note
-------+----------+-------------------------------------------
     0 | D:1      | Newt the Demonspawn Gladiator began the quest for the Orb.
     0 | D:1      | Reached XP level 1. HP: 16/16 MP: 1/1
   104 | D:1      | Found Gerphira's Antique Weapon Boutique.
   143 | D:1      | Reached skill level 1 in Stealth
   253 | D:1      | Gained mutation: You have a pair of small horns on your
                  | head. [demonic ancestry]
   253 | D:1      | Reached XP level 2. HP: 11/22 MP: 2/2
   928 | D:2      | Gained mutation: You have a pair of horns on your head.
                  | [demonic ancestry]
   928 | D:2      | Reached XP level 3. HP: 27/28 MP: 3/3
  1001 | D:2      | Reached skill level 3 in Fighting
  1088 | D:2      | Found Fomp's Magic Scroll Shop.
  1097 | D:2      | Bought a scroll of identify for 28 gold pieces
  1286 | D:2      | Reached XP level 4. HP: 31/37 MP: 4/4
  1417 | D:2      | Reached skill level 4 in Fighting
  1939 | D:3      | Found a snail-covered altar of Cheibriados.
  2374 | D:3      | Gained mutation: You have a pair of large horns on your
                  | head. [demonic ancestry]
  2374 | D:3      | Reached XP level 5. HP: 38/42 MP: 5/5
  2501 | D:4      | Noticed an ogre
  2510 | D:4      | Killed an ogre
  2833 | D:4      | Found a radiant altar of Vehumet.
  2858 | D:4      | Noticed a phantom
  2865 | D:4      | Killed a phantom
  2866 | D:4      | Reached XP level 6. HP: 48/48 MP: 6/6
  3170 | D:5      | Entered Level 5 of the Dungeon
  3350 | D:5      | Reached skill level 1 in Evocations
  3554 | D:5      | Gained mutation: You are partially covered in large bone
                  | plates. (SH +4) [demonic ancestry]
  3554 | D:5      | Reached XP level 7. HP: 25/54 MP: 7/7
  4085 | D:5      | Found a shadowy altar of Dithmenos.
  4096 | D:5      | Became a worshipper of Dithmenos the Shadowed
  4475 | D:6      | Reached skill level 5 in Fighting
  4486 | D:6      | HP: 2/56 [acid (3)]
  4486 | D:6      | Killed from afar by an electric eel

Illustrated notes

Levels and vault maps discovered:
D:1:      dpeg_arrival_pits, layout_basic, serial_shops, shop
D:2:      layout_basic, serial_shops, shop_statue, serial_rivers,
          chequers_serial_rivers_large_b, chequers_serial_rivers_micro_e,
          chequers_serial_rivers_micro_d, chequers_serial_rivers_small_b,
          chequers_serial_rivers_micro_b
D:3:      layout_basic, old_standard_altar, minmay_cut_off
D:4:      layout_cave_pools, mainiacjoe_overflow_brackets
D:5:      layout_basic, lemuel_round_altar
D:6:      layout_rooms, minmay_temple_entry_drinking_statues,
          gup_sewer_entry_pipe, kennysheep_boxes, uniq_prince_ribbit1

Skill      XL: |  1  2  3  4  5  6  7 |
---------------+----------------------+-----
Stealth        | 1 2 4 |  4.0
Fighting       | 3 4 5 |  5.1
Short Blades   | 3 4 |  4.0
Throwing       | 3 |  3.0
Evocations     | 2 3 |  3.0
Dodging        | |  2.6

Action                   |  1- 3 |  4- 6 |  7- 9 || total
-------------------------+-------+-------+-------++-------
Melee: Rapier            |    80 |       |       ||    80
       Headbutt          |    15 |    20 |     6 ||    41
       Dagger            |    48 |   106 |    34 ||   188
       Hand axe          |       |       |    18 ||    18
Throw: Throwing net      |       |     3 |       ||     3
  Use: Scroll            |     4 |     8 |       ||    12
       Potion            |       |     1 |       ||     1
 Stab: Sleeping          |     3 |     9 |     1 ||    13
       Distracted        |       |     1 |       ||     1
Armor: Leather armour    |    55 |    11 |    10 ||    76
Dodge: Dodged            |   121 |    41 |    34 ||   196
Block: Other             |       |       |    11 ||    11

Table legend: (Time is in decaauts)
 A = Elapsed time spent in this place.
 B = Non-inter-level travel time spent in this place.
 C = Inter-level travel time spent in this place.
 D = Time resting spent in this place.
 E = Time spent auto-exploring this place.
 F = Levels seen in this place.
 G = Mean time per level.
                   A        B        C        D        E       F      G
               +--------+--------+--------+--------+--------+-----+--------+
         Total |   4492 |   4354 |    138 |    854 |   2728 |   6 |  748.7 |
       Dungeon |   4492 |   4354 |    138 |    854 |   2728 |   6 |  748.7 |
               +--------+--------+--------+--------+--------+-----+--------+

Top non-repeatable levels by time:
     D:5: 1198 daAuts
     D:1: 926 daAuts
     D:3: 849 daAuts
     D:4: 751 daAuts
     D:2: 741 daAuts
     D:6: 23 daAuts
